 Dungeon Crawl Stone Soup version 0.30-a0-1018-g25214051b3 (webtiles) character file.

Game seed: 28964071728212351

1155 NinjaNoafa the Magician (level 8, -1/58 HPs)
             Began as a Djinni Ice Elementalist on Apr 7, 2023.
             Slain by a yak (10 damage)
             ... on level 5 of the Dungeon.
             The game lasted 00:13:27 (4130 turns).

NinjaNoafa the Magician (Djinni Ice Elementalist)   Turns: 4130, Time: 00:13:27

Health: -1/58      AC:  5    Str:  4    XL:     8   Next: 66%
Gold:   313        EV: 11    Int: 18    God:
                   SH:  5    Dex: 17

rFire   + + .      SeeInvis .    a - +9 long sword "Z" {flame, rCorr MP+9 Str-5 Dex+2}
rCold   x . .      Faith    +    A - +0 buckler
rNeg    + . .      Spirit   .    v - +0 leather armour "Ischoff" {rN+ Str+2 Slay-2}
rPois   ∞          Reflect  .    u - +0 helmet
rElec   .          Rampage  .    (no cloak)
rCorr   +                        w - +0 pair of gloves
Will    .....                    (boots unavailable)
Stlth   ++                       s - amulet of faith
HPRegen 0.29/turn                (no ring)
MPRegen 0.00/turn                (no ring)

@: flying
A: sickness immunity, fire resistance 2, cold vulnerability 1, float, innate
caster, HP casting, extra vitality 1
a: no special abilities


You were on level 5 of the Dungeon.
You visited 1 branch of the dungeon, and saw 6 of its levels.

You collected 313 gold pieces.

Inventory:

Hand Weapons
 a - the +9 long sword "Z" (weapon) {flame, rCorr MP+9 Str-5 Dex+2}
   (You found it on level 5 of the Dungeon)

   Str:       It affects your strength (-5).
   Dex:       It affects your dexterity (+2).
   MP:        It affects your magic capacity (+9).
   rCorr:     It protects you from acid and corrosion.
 b - a +1 dagger of freezing
Missiles
 d - a throwing net
 i - 11 poisoned darts
 B - 2 boomerangs
 C - 2 javelins
Armour
 u - a +0 helmet (worn)
 v - the +0 leather armour "Ischoff" (worn) {rN+ Str+2 Slay-2}
   (You found it on level 3 of the Dungeon)

   Str:       It affects your strength (+2).
   Slay:      It affects your accuracy & damage with ranged weapons and melee
   (-2).
   rN:        It protects you from negative energy.
 w - a +0 pair of gloves (worn)
 A - a +0 buckler (worn)
Jewellery
 s - an amulet of faith (around neck)
Wands
 r - a wand of paralysis (1)
Scrolls
 c - a scroll of enchant armour {unknown}
 h - 2 scrolls of poison {unknown}
 j - 2 scrolls of summoning {unknown}
 l - a scroll of magic mapping {unknown}
 n - 2 scrolls of identify {unknown}
 p - 3 scrolls of vulnerability {unknown}
 q - 2 scrolls of teleportation {unknown}
 t - a scroll of enchant weapon {unknown}
 x - a scroll of fear {unknown}
 y - a scroll of blinking {unknown}
 z - a scroll of immolation {unknown}
 E - 3 scrolls of fog {unknown}
Potions
 e - 2 potions of lignification {unknown}
 f - 5 potions of curing
 g - 3 potions of mutation {unknown}
 k - 2 potions of degeneration {unknown}
 m - 2 potions of ambrosia {unknown}
 o - a potion of haste {unknown}
 D - a potion of heal wounds {unknown}


   Skills:
 + Level 4.9 Fighting
 - Level 2.1 Dodging
 - Level 1.5 Stealth
 + Level 3.2 Shields
 * Level 6.6 Spellcasting


You knew the following spells:

 Your Spells              Type           Power      Damage    Failure   Level
a - Freeze                Ice            100%       1d10      1%          1
b - Frozen Ramparts       Ice            58%        1d9       5%          3
c - Ozocubu's Armour      Ice            29%        N/A       5%          3
d - Summon Ice Beast      Ice/Summ       29%        N/A       17%         4
e - Beastly Appendage     Tmut           58%        N/A       1%          1
f - Poisonous Vapours     Pois/Air       58%        N/A       2%          2
g - Summon Guardian Gole  Hex/Summ       29%        N/A       5%          3
Your spell library was empty.

Dungeon Overview and Level Annotations

Branches:
Dungeon (6/15)
 Temple: D:4-7

Altars:
Nemelex Xobeh
Yredelemnul

Annotations:
D:3 1 runed translucent door, Crazy Yiuf


Innate Abilities, Weirdness & Mutations

You are immune to sickness and miasma.
You are immune to poison.
Your flesh is very heat resistant. (rF++)
You are vulnerable to cold. (rC-)
You float through the air rather than walking.
You learn spells naturally, not from books.
Your magical power is your life essence.
You have superior vitality. (+4 MHP)


Message History

Your ice beast dies!
Your ice beast disappears in a puff of smoke!
The yak gores your guardian golem!
Aiming: Freeze (safe; 1% risk of failure)
Press: ? - help, Q - select action, (/) - cycle Shift-Dir - straight line, f - dart slug, p - yak
Aim: a dart slug You freeze the dart slug.
The dart slug is lightly wounded.
* * * LOW HITPOINT WARNING * * *
The yak gores your guardian golem.
Your guardian golem overheats!
Unknown command.
Unknown command.
You slash the dart slug! You burn the dart slug.
You kill the dart slug!
The yak gores your guardian golem! Flame seeps out of your guardian golem.
Your guardian golem is engulfed in blazing flames.
Flame seeps out of your guardian golem.
Your guardian golem is engulfed in blazing flames.
Flame seeps out of your guardian golem.
Your guardian golem is engulfed in blazing flames.
Your guardian golem disappears in a puff of smoke!
Your guardian golem explodes!
You feel a bit more experienced.
Your Shields skill increases to level 3!
Okay, then.
Unknown command.
Unknown command.
Unknown command.
Unknown command.
You feel better. The yak gores you.
* * * LOW HITPOINT WARNING * * *
Unknown command.
Unknown command.
Casting: Freeze (safe; 1% risk of failure)
Confirm with . or Enter, or press ? or * to list all spells.
A guardian golem appears, shielding your allies.
* * * LOW HITPOINT WARNING * * *
The yak gores you!
You die...

....#................###.#.....##
...........#.#.#.#.#..##.#..##.##
"####....#.#.#.#.#.#..##....##...
......#..#.#.#.#.#.#...###....###
.....###...#.#.#.#.#.#.###.......
..##.......#.#.#.#.#.#.##.....)[)
..####........................###
.....##..........#..###.......###
####............@9...##..#....#..
##.........###Y##.......###..#
#..#......## #..#####....>w.##
#.........# ##.......#Y#..##
####......# #.......#.##.#
#......# #.......#.§..# ########
#.........†### ##......####
#......#


You could see a yak (ally target) and a friendly guardian golem (summoned).

Vanquished Creatures
  A sky beast (D:6)
  A bullfrog (D:6)
  2 hounds
  An orc priest (D:6)
  Natasha (twice) (D:3)
  An orc wizard (D:6)
  An iguana (D:4)
  5 adders
  2 worms (D:2)
  4 dart slugs
  7 orcs
  3 endoplasms (D:1)
  3 giant cockroaches
  7 goblins
  9 hobgoblins
  4 jackals (D:4)
  6 kobolds
  8 quokkas
  9 ball pythons
  7 bats
  3 frilled lizards
  4 rats
90 creatures vanquished.

Vanquished Creatures (collateral kills)
  2 scorpions (D:5)
  A wight (D:6)
  A jelly (D:5)
  2 hounds
  Natasha (D:3)
  2 adders (D:6)
  A worm (D:5)
  A dart slug (D:5)
  9 orcs
  A frilled lizard (D:2)
21 creatures vanquished.

Vanquished Creatures (others)
  A yak (D:5)
  An ice beast (D:6)
  An ogre (D:5)
  A jelly (D:5)
  2 plants (D:5)
6 creatures vanquished.

Grand Total: 117 creatures vanquished

Notes
Turn   | Place    | Note
-------+----------+-------------------------------------------
     0 | D:1      | NinjaNoafa the Djinni Ice Elementalist began the quest for
                  | the Orb.
     0 | D:1      | NinjaNoafa set off with the following spells memorised:
                  | Freeze, Frozen Ramparts, Ozocubu's Armour, Summon Ice
                  | Beast.
     0 | D:1      | Reached XP level 1. HP: 15/15 MP: 0/0
    98 | D:1      | Reached XP level 2. HP: 22/22 MP: 0/0
   292 | D:1      | Reached skill level 1 in Fighting
   335 | D:1      | Reached XP level 3. HP: 25/27 MP: 0/0
   335 | D:1      | Learned a level 1 spell: Beastly Appendage
   355 | D:1      | Found a faded altar of an unknown god.
   743 | D:2      | Identified the +1 cloak of the Several Beds {rPois rC+
                  | Will-}
   893 | D:2      | Found a basalt altar of Yredelemnul.
   961 | D:2      | Reached skill level 4 in Spellcasting
   961 | D:2      | Reached XP level 4. HP: 12/32 MP: 0/0
   987 | D:2      | HP: 1/32 [something (13)]
  1439 | D:3      | Identified the +0 leather armour "Ischoff" {rN+ Str+2
                  | Slay-2}
  1577 | D:3      | Found a sparkling altar of Nemelex Xobeh.
  1608 | D:3      | Reached XP level 5. HP: 31/38 MP: 0/0
  1608 | D:3      | Learned a level 2 spell: Poisonous Vapours
  1663 | D:3      | Found a runed translucent door.
  1664 | D:3      | Noticed Crazy Yiuf
  1820 | D:3      | Noticed Natasha
  1827 | D:3      | Killed Natasha
  2029 | D:3      | Noticed Natasha
  2038 | D:3      | Killed Natasha
  2069 | D:3      | Noticed Natasha
  2081 | D:3      | Killed Natasha
  2449 | D:4      | Reached XP level 6. HP: 32/45 MP: 0/0
  2587 | D:4      | Reached skill level 5 in Spellcasting
  2933 | D:5      | Entered Level 5 of the Dungeon
  2949 | D:5      | Reached XP level 7. HP: 41/50 MP: 0/0
  2949 | D:5      | Learned a level 3 spell: Summon Guardian Golem
  3022 | D:5      | Found a basalt altar of Yredelemnul.
  3083 | D:5      | Reached skill level 1 in Shields
  3123 | D:5      | Identified the +9 long sword "Z" {flame, rCorr MP+9 Str-5
                  | Dex+2}
  3489 | D:6      | Reached XP level 8. HP: 34/58 MP: 0/0
  3587 | D:6      | Reached skill level 6 in Spellcasting
  3589 | D:6      | Noticed a yak
  3596 | D:6      | Noticed a yak
  3598 | D:6      | Noticed a yak
  3626 | D:6      | HP: 1/58 [dart slug/slug dart (2)]
  4119 | D:5      | Killed a yak
  4130 | D:5      | Slain by a yak

Illustrated notes

Levels and vault maps discovered:
D:1:      dpeg_arrival_lava_temple_mockup, layout_basic,
          dreamdust_ecumenical_altar_angels_and_demons
D:2:      layout_basic, basic_altar
D:3:      layout_basic, nemelex_xobeh_ov_fountains_minmay, serial_aquarium,
          aquarium_bridge_long_joined [aquarium_subvault_wall,
          aquarium_subvault_bridge, aquarium_subvault_bridge,
          aquarium_subvault_bridge, aquarium_subvault_wall,
          aquarium_subvault_bridge], aquarium_window_fake, aquarium_window_fake,
          aquarium_view_2a, aquarium_view_2e, aquarium_balcony_3b,
          uniq_crazy_yiuf_cottage, uniq_natasha
D:4:      layout_loops_cross
D:5:      layout_rooms, mainiacjoe_overflow_boulevard, minmay_misc_feat_rows
D:6:      kennysheep_slugbush, layout_loops_ring, serial_shops,
          nicolae_shop_bloodbath_and_beyond, uniq_sigmund

Skill      XL: |  1  2  3  4  5  6  7  8 |
---------------+-------------------------+-----
Fighting       | 1 2 3 4 |  4.9
Spellcasting   | 4 5 6 |  6.6
Shields        | 2 3 |  3.2
Dodging        | |  2.1
Stealth        | |  1.5

Action                     |  1- 3 |  4- 6 |  7- 9 || total
---------------------------+-------+-------+-------++-------
  Melee: Short sword       |    10 |       |       ||    10
         Dagger            |     8 |    18 |       ||    26
         Long sword        |       |       |     9 ||     9
   Cast: Freeze            |    36 |    31 |     7 ||    74
         Frozen Ramparts   |     6 |     7 |     6 ||    19
         Summon Ice Beast  |       |     5 |     9 ||    14
         Poisonous Vapours |       |    30 |     7 ||    37
         Ozocubu's Armour  |       |     2 |     4 ||     6
         Summon Guardian G |       |       |    13 ||    13
    Use: Potion            |       |       |     2 ||     2
   Stab: Sleeping          |     2 |     1 |       ||     3
 Armour: Robe              |    16 |     3 |       ||    19
         Leather armour    |       |    28 |    24 ||    52
  Dodge: Dodged            |    24 |    35 |    26 ||    85
  Block: Buckler           |       |       |     6 ||     6

Table legend: (Time is in decaauts)
 A = Elapsed time spent in this place.
 B = Non-inter-level travel time spent in this place.
 C = Inter-level travel time spent in this place.
 D = Time resting spent in this place.
 E = Time spent auto-exploring this place.
 F = Levels seen in this place.
 G = Mean time per level.
                   A        B        C        D        E       F      G
               +--------+--------+--------+--------+--------+-----+--------+
         Total |   4131 |   3689 |    442 |    167 |   2285 |   6 |  688.5 |
       Dungeon |   4131 |   3689 |    442 |    167 |   2285 |   6 |  688.5 |
               +--------+--------+--------+--------+--------+-----+--------+

Top non-repeatable levels by time:
     D:3: 902 daAuts
     D:5: 843 daAuts
     D:1: 732 daAuts
     D:2: 657 daAuts
     D:4: 637 daAuts
     D:6: 357 daAuts
